 Dungeon Crawl Stone Soup version 0.22.0-38-g04b72b8 (webtiles) character file.

9704 nubinia the Thaumaturge (level 11, 19/81 HPs)
             Began as a Gnoll Wizard on Aug 24, 2018.
             Was a Priest of Sif Muna.
             Quit the game on level 2 of the Lair of Beasts on Aug 31, 2018.
             The game lasted 01:14:42 (12464 turns).

nubinia the Thaumaturge (Gnoll Wizard)             Turns: 12464, Time: 01:14:43

Health: 19/81      AC: 10    Str: 11    XL:     11   Next: 50%
Magic:  24/24      EV: 18    Int: 23    God:    Sif Muna [***...]
Gold:   448        SH:  0    Dex: 20    Spells: 14/29 levels left

rFire    . . .     SeeInvis +   a - +1 dagger (protect)
rCold    . . .     Gourm    .   (no shield)
rNeg     . . .     Faith    .   p - +0 robe
rPois    .         Spirit   .   M - +1 hat
rElec    .         Reflect  .   s - +0 cloak
rCorr    .         Harm     .   m - +2 pair of gloves
MR       .....                  (no boots)
Stlth    ++++......             i - amulet of magic regeneration
HPRegen  0.23/turn              y - +3 ring of dexterity
MPRegen  0.44/turn              n - ring of see invisible

@: seriously poisoned (19 -> 3), divine energy
A: distributed training, fangs 1, iridescent scales 1, agile 1, clever 1, strong
nose
a: Stop Divine Energy, Channel Magic, Renounce Religion


You were on level 2 of the Lair of Beasts.
You worshipped Sif Muna.
Sif Muna was most pleased with you.
You were hungry.

You visited 2 branches of the dungeon, and saw 11 of its levels.

You collected 623 gold pieces.
You spent 175 gold pieces at shops.

Inventory:

Hand Weapons
 a - a +1 dagger of protection (weapon)
 b - a +0 blowgun
 c - a +0 dagger
 g - a +1 dagger of speed
Missiles
 o - 104 poisoned needles
Armour
 f - a +0 helmet
 m - a +2 pair of gloves (worn)
 p - a +0 robe (worn)
 s - a +0 cloak (worn)
 M - a +1 hat (worn)
Magical Staves
 v - an uncursed staff of summoning
Jewellery
 i - an amulet of magic regeneration (around neck)
 n - a ring of see invisible (right hand)
 t - an uncursed ring of protection from cold
 x - an uncursed amulet of the acrobat
 y - a +3 ring of dexterity (left hand)
Wands
 C - a wand of flame (26)
 E - a wand of clouds (6)
 F - a wand of iceblast (9)
 J - a wand of random effects (24)
Scrolls
 h - a scroll of amnesia
 j - a scroll of magic mapping {unknown}
 l - 3 scrolls of teleportation
 w - 2 scrolls of fear
 B - a scroll of immolation {unknown}
 D - 5 scrolls of remove curse
 K - a scroll of blinking
 L - a scroll of identify
 N - a scroll of enchant armour
Potions
 e - 2 potions of heal wounds
 k - 4 potions of curing
 q - a potion of cancellation {unknown}
 r - a potion of berserk rage {unknown}
 u - 3 potions of resistance
 z - a potion of haste {unknown}
 A - 2 potions of magic
 G - 2 potions of agility
 H - a potion of ambrosia {unknown}
Comestibles
 d - 21 rations


   Skills:
 + Level 6.2 Fighting
 + Level 6.2 Short Blades
 + Level 6.2 Long Blades
 + Level 6.2 Axes
 + Level 6.2 Maces & Flails
 + Level 6.2 Polearms
 + Level 6.2 Staves
 + Level 6.2 Slings
 + Level 6.2 Bows
 + Level 6.2 Crossbows
 + Level 6.2 Throwing
 + Level 6.2 Armour
 + Level 7.8 Dodging
 + Level 7.6 Stealth
 + Level 6.2 Shields
 + Level 6.2 Unarmed Combat
 + Level 9.5 Spellcasting
 + Level 5.6 Conjurations
 + Level 5.1 Hexes
 + Level 5.1 Charms
 + Level 5.6 Summonings
 + Level 5.1 Necromancy
 + Level 5.6 Translocations
 + Level 5.1 Transmutations
 + Level 5.1 Fire Magic
 + Level 5.1 Ice Magic
 + Level 5.1 Air Magic
 + Level 5.1 Earth Magic
 + Level 5.1 Poison Magic
 + Level 6.8 Invocations
 + Level 6.2 Evocations


You had 14 spell levels left.
You knew the following spells:

 Your Spells              Type           Power        Failure   Level  Hunger
a - Magic Dart            Conj           ####         1%          1    None
b - Dazzling Spray        Conj/Hex       #####.       1%          3    None
c - Mephitic Cloud        Conj/Pois/Air  #####...     1%          3    None
d - Conjure Flame         Conj/Fire      #####...     1%          3    None
o - Ozocubu's Armour      Chrm/Ice       ####....     1%          3    None
B - Blink                 Tloc           N/A          1%          2    None

Your spell library contained the following spells:

 Spells                   Type           Power        Failure   Level  Hunger
 Beastly Appendage        Tmut           ####..       1%          1    None
 Corona                   Hex            ####...      1%          1    None
 Flame Tongue             Conj/Fire      #####        1%          1    None
 Freeze                   Ice            ####         1%          1    None
 Shock                    Conj/Air       ####         1%          1    None
 Call Imp                 Summ           #####...     1%          2    None
 Ensorcelled Hibernation  Hex/Ice        ####..       1%          2    None
 Searing Ray              Conj           #####.       1%          2    None
 Slow                     Hex            ####....     1%          2    None
 Sticks to Snakes         Tmut           ####....     1%          2    None
 Throw Flame              Conj/Fire      #####.       1%          2    None
 Throw Frost              Conj/Ice       #####.       1%          2    None
 Confuse                  Hex            ####....     1%          3    None
 Inner Flame              Hex/Fire       ####....     1%          3    None
 Spider Form              Tmut/Pois      ####......   1%          3    None
 Tukima's Dance           Hex            ####....     1%          3    None
 Force Lance              Conj/Tloc      #####...     6%          4    ##.....
 Fulminant Prism          Conj/Hex       #####.....   6%          4    ##.....
 Iskenderun's Mystic Bla  Conj           #####...     6%          4    ##.....
 Sticky Flame             Conj/Fire      #####...     6%          4    ##.....
 Summon Ice Beast         Ice/Summ       #####...     6%          4    ##.....
 Throw Icicle             Conj/Ice       #####...     6%          4    ##.....
 Ice Form                 Ice/Tmut       ####....     7%          4    ##.....
 Blade Hands              Tmut           ####......   19%         5    ####...
 Fireball                 Conj/Fire      #####.....   19%         5    ####...


Dungeon Overview and Level Annotations

Branches:
Dungeon (9/15)             Temple (0/1) D:7            Lair (1/6) D:9
 Shoals (0/4) Lair:2
    Orc: D:9-12

Altars:
Ashenzari
Cheibriados
Fedhas
Makhleb
Nemelex Xobeh
Okawaru
Qazlal
Ru
Sif Muna
Uskayaw
Vehumet
Zin
The Shining One

Shops:
D:4 %   D:5 ?


Innate Abilities, Weirdness & Mutations

Your experience applies equally to all skills.
You have very sharp teeth.
Your uncanny sense of smell can sniff out nearby items.
You are partially covered in iridescent scales. (AC +2)
You are agile. (Dex +2)
Your mind is acute. (Int +2)


Message History

A blink frog comes into view.
Found 21 arrows.
Found a stone staircase leading up.
A spiny frog and a blink frog come into view.
A blink frog comes into view.
The blink frog gives a loud, deep croak! x3
The blink frog hits you.
Found 14 gold pieces.
The blink frog closely misses you. The blink frog misses you.
A water moccasin comes into view.
The wolf completely misses you.
A six-headed hydra comes into view.
The blink frog blinks!
The wolf barely misses you. The blink frog hits you.
The blink frog closely misses you. x2; The blink frog blinks!
The wolf howls!
You hear an angry hiss.
The blink frog blinks!
The spiny frog stings you!!
* * * LOW HITPOINT WARNING * * *
You are poisoned.
The spiny frog poisons you!
A hippogriff comes into view.
Are you sure you want to abandon this character and quit the game? (Confirm with "yes".)

#.##.....#.# ##...
#.#....... #....
###........ ### ##$..
.#.#..D....####.####....
...........##...........
..........P##...........
.......S................
.......hF...............
.......@Fhl.............
..........ยง...F.........
........................
..........h...F......(((
....F.$.<............###
..##..........#.....#.##
. ..#......P#......###
..#...H...........#
...............#


You could see a six-headed hydra (wandering), a komodo dragon, a hippogriff, a
spiny frog, 4 blink frogs, a water moccasin and 3 wolves.

Vanquished Creatures
  3 two-headed ogres
  The ghost of biddum the Shield-Bearer, a novice MiFi (D:6)
  2 spiny frogs (Lair:1)
  A troll (D:9)
  2 hippogriffs
  A wyvern (D:8)
  8 yaks
  A basilisk (Lair:1)
  A hungry ghost (D:9)
  An orc warrior (D:9)
  3 ice beasts
  A black bear (D:7)
  3 phantoms
  A sky beast (D:3)
  5 ogres
  2 wolves
  6 centaurs
  3 big kobolds
  Blork the orc (D:4)
  4 bullfrogs
  A water moccasin zombie (D:7)
  2 scorpions
  A wyvern skeleton (D:9)
  9 killer bees
  4 wights (D:9)
  2 electric eels (D:9)
  6 howler monkeys
  3 crimson imps
  A quasit (D:7)
  A jelly (D:6)
  A centaur skeleton (D:4)
  5 orc priests
  6 hounds
  3 bullfrog skeletons
  2 iguanas
  7 orc wizards
  Natasha (thrice) (D:2)
  8 worker ants
  A hound zombie (D:9)
  A mummy (D:6)
  Robin (D:2)
  2 howler monkey skeletons
  13 adders
  4 shadow imps
  2 oozes
  An adder skeleton (D:6)
  2 worms
  2 dart slugs
  5 leopard geckos
  16 orcs
  A ball python (D:2)
  2 giant cockroaches (D:3)
  15 goblins
  10 hobgoblins
  8 jackals
  17 kobolds
  2 quokkas
  6 bats
  6 frilled lizards
  2 goblin zombies (D:7)
  4 hobgoblin zombies (D:7)
  A jackal zombie (D:5)
  2 kobold skeletons (D:7)
  A kobold zombie (D:7)
  An orc skeleton (D:7)
  A quokka zombie (D:7)
  3 rats
  A toadstool (D:1)
248 creatures vanquished.

Vanquished Creatures (collateral kills)
  A worker ant (D:6)
1 creature vanquished.

Vanquished Creatures (others)
  A wight (D:9)
  A centaur zombie (D:7)
  A kobold (D:9)
  3 toadstools (D:1)
6 creatures vanquished.

Grand Total: 255 creatures vanquished

Notes
Turn   | Place    | Note
-------+----------+-------------------------------------------
     0 | D:1      | nubinia the Gnoll Wizard began the quest for the Orb.
     0 | D:1      | Reached XP level 1. HP: 13/13 MP: 8/8
   274 | D:1      | Reached XP level 2. HP: 19/19 MP: 8/10
   281 | D:1      | Learned a level 2 spell: Blink
   904 | D:2      | Reached skill level 1 in Invocations
   904 | D:2      | Reached XP level 3. HP: 10/25 MP: 5/11
  1051 | D:2      | Learned a level 3 spell: Mephitic Cloud
  1055 | D:2      | Learned a level 3 spell: Conjure Flame
  1381 | D:2      | Reached skill level 1 in Fighting
  1381 | D:2      | Reached skill level 1 in Short Blades
  1381 | D:2      | Reached skill level 1 in Long Blades
  1381 | D:2      | Reached skill level 1 in Axes
  1381 | D:2      | Reached skill level 1 in Maces & Flails
  1381 | D:2      | Reached skill level 1 in Polearms
  1381 | D:2      | Reached skill level 1 in Staves
  1381 | D:2      | Reached skill level 1 in Slings
  1381 | D:2      | Reached skill level 1 in Bows
  1381 | D:2      | Reached skill level 1 in Crossbows
  1381 | D:2      | Reached skill level 1 in Throwing
  1381 | D:2      | Reached skill level 1 in Armour
  1381 | D:2      | Reached skill level 1 in Shields
  1381 | D:2      | Reached skill level 1 in Unarmed Combat
  1381 | D:2      | Reached skill level 1 in Evocations
  1381 | D:2      | Reached XP level 4. HP: 32/32 MP: 10/13
  1463 | D:2      | Noticed Natasha
  1469 | D:2      | Killed Natasha
  1531 | D:2      | Reached skill level 1 in Hexes
  1531 | D:2      | Reached skill level 1 in Charms
  1531 | D:2      | Reached skill level 1 in Necromancy
  1531 | D:2      | Reached skill level 1 in Transmutations
  1531 | D:2      | Reached skill level 1 in Fire Magic
  1531 | D:2      | Reached skill level 1 in Ice Magic
  1531 | D:2      | Reached skill level 1 in Air Magic
  1531 | D:2      | Reached skill level 1 in Earth Magic
  1531 | D:2      | Reached skill level 1 in Poison Magic
  1683 | D:2      | Noticed Robin
  1706 | D:2      | Killed Robin
  1706 | D:2      | Reached XP level 5. HP: 29/37 MP: 7/14
  1736 | D:2      | Noticed Natasha
  1780 | D:2      | Killed Natasha
  1935 | D:2      | Noticed Natasha
  1945 | D:2      | Killed Natasha
  2364 | D:3      | Noticed a sky beast
  2395 | D:3      | Killed a sky beast
  2395 | D:3      | Reached XP level 6. HP: 44/44 MP: 4/16
  2606 | D:3      | Found a stormy altar of Qazlal.
  2671 | D:3      | Reached skill level 5 in Dodging
  2837 | D:3      | Found an iron altar of Okawaru.
  3244 | D:4      | Learned a level 3 spell: Ozocubu's Armour
  3440 | D:4      | Found Upparis's Food Boutique.
  3577 | D:4      | Reached XP level 7. HP: 50/50 MP: 6/18
  3835 | D:4      | Noticed Blork the orc
  3841 | D:4      | Killed Blork the orc
  3980 | D:5      | Entered Level 5 of the Dungeon
  4514 | D:5      | Found a shattered altar of Ashenzari.
  4740 | D:5      | Reached skill level 5 in Stealth
  4931 | D:5      | Found a blossoming altar of Fedhas.
  4990 | D:5      | Reached XP level 8. HP: 56/57 MP: 13/19
  5092 | D:5      | Found Zoegriaq's Magic Scroll Shoppe.
  5101 | D:5      | Bought a scroll of remove curse for 42 gold pieces
  5339 | D:5      | Bought a scroll of identify for 28 gold pieces
  5413 | D:5      | Found a deep blue altar of Sif Muna.
  5439 | D:5      | Identified Sif Muna's Reference Book on Lightness
  5548 | D:5      | Became a worshipper of Sif Muna the Loreminder
  5823 | D:5      | Learned a level 3 spell: Dazzling Spray
  6466 | D:6      | Reached skill level 8 in Spellcasting
  6669 | D:6      | Found a runed door.
  6672 | D:6      | Noticed biddum's ghost (novice MiFi)
  6695 | D:6      | Killed biddum's ghost
  6695 | D:6      | Reached XP level 9. HP: 65/65 MP: 11/21
  7124 | D:6      | Found a snail-covered altar of Cheibriados.
  7446 | D:7      | Reached * piety under Sif Muna
  7832 | D:7      | Reached skill level 5 in Invocations
  8101 | D:7      | Found a burning altar of Makhleb.
  8152 | D:7      | Found a glowing golden altar of the Shining One.
  8247 | D:7      | Found a staircase to the Ecumenical Temple.
  8324 | D:7      | Reached XP level 10. HP: 73/73 MP: 8/22
  8665 | D:8      | Reached ** piety under Sif Muna
  8665 | D:8      | Reached skill level 5 in Fighting
  8665 | D:8      | Reached skill level 5 in Short Blades
  8665 | D:8      | Reached skill level 5 in Long Blades
  8665 | D:8      | Reached skill level 5 in Axes
  8665 | D:8      | Reached skill level 5 in Maces & Flails
  8665 | D:8      | Reached skill level 5 in Polearms
  8665 | D:8      | Reached skill level 5 in Staves
  8665 | D:8      | Reached skill level 5 in Slings
  8665 | D:8      | Reached skill level 5 in Bows
  8665 | D:8      | Reached skill level 5 in Crossbows
  8665 | D:8      | Reached skill level 5 in Throwing
  8665 | D:8      | Reached skill level 5 in Armour
  8665 | D:8      | Reached skill level 5 in Shields
  8665 | D:8      | Reached skill level 5 in Unarmed Combat
  8665 | D:8      | Reached skill level 5 in Evocations
  9082 | D:8      | Noticed a two-headed ogre
  9098 | D:8      | Killed a two-headed ogre
  9098 | D:8      | Reached skill level 9 in Spellcasting
  9445 | D:8      | Gained mutation: You are clumsy. (Dex -2) [potion of mutation]
  9445 | D:8      | Gained mutation: You have a pair of small horns on your head. [potion of mutation]
  9451 | D:8      | Lost mutation: You are clumsy. (Dex -2) [potion of mutation]
  9451 | D:8      | Lost mutation: You have a pair of small horns on your head. [potion of mutation]
  9451 | D:8      | Gained mutation: You are agile. (Dex +2) [potion of mutation]
  9451 | D:8      | Gained mutation: Your mind is acute. (Int +2) [potion of mutation]
  9451 | D:8      | Gained mutation: You are partially covered in iridescent scales. (AC +2) [potion of mutation]
  9462 | D:8      | Found a sparkling altar of Nemelex Xobeh.
  9555 | D:8      | Noticed a two-headed ogre
  9604 | D:8      | Killed a two-headed ogre
  9604 | D:8      | Reached skill level 5 in Conjurations
  9604 | D:8      | Reached skill level 5 in Summonings
  9604 | D:8      | Reached skill level 5 in Translocations
  9787 | D:8      | Found a glowing silver altar of Zin.
  9883 | D:5      | Bought a scroll of blinking for 105 gold pieces
 10313 | D:9      | Reached XP level 11. HP: 50/81 MP: 12/24
 10391 | D:9      | Noticed a two-headed ogre
 10406 | D:9      | Killed a two-headed ogre
 10414 | D:9      | Found a radiant altar of Vehumet.
 10549 | D:9      | Upgraded the game from 0.22.0-36-g8e74550 to 0.22.0-38-g04b72b8
 10870 | D:9      | Found a sacrificial altar of Ru.
 11170 | D:9      | Reached *** piety under Sif Muna
 11638 | D:9      | Reached skill level 5 in Hexes
 11638 | D:9      | Reached skill level 5 in Charms
 11638 | D:9      | Reached skill level 5 in Necromancy
 11638 | D:9      | Reached skill level 5 in Transmutations
 11638 | D:9      | Reached skill level 5 in Fire Magic
 11638 | D:9      | Reached skill level 5 in Ice Magic
 11638 | D:9      | Reached skill level 5 in Air Magic
 11638 | D:9      | Reached skill level 5 in Earth Magic
 11638 | D:9      | Reached skill level 5 in Poison Magic
 11690 | D:9      | Found a staircase to the Lair.
 11794 | D:9      | Found a hide-covered altar of Uskayaw.
 12029 | Lair:1   | Entered Level 1 of the Lair of Beasts
 12375 | Lair:1   | You fall through a shaft!
 12375 | Lair:2   | Found a staircase to the Shoals.
 12418 | Lair:2   | Noticed a seven-headed hydra
 12460 | Lair:2   | Noticed a six-headed hydra
 12464 | Lair:2   | Quit the game

Skill      XL: |  1  2  3  4  5  6  7  8  9 10 11 |
---------------+----------------------------------+-----
Conjurations   | 2 3 4 5 |  5.6
Summonings     | 2 3 4 5 |  5.6
Translocations | 2 3 4 5 |  5.6
Invocations    | 1 2 3 4 5 6 |  6.8
Fighting       | 1 2 3 4 5 6 |  6.2
Short Blades   | 1 2 3 4 5 6 |  6.2
Long Blades    | 1 2 3 4 5 6 |  6.2
Axes           | 1 2 3 4 5 6 |  6.2
Maces & Flails | 1 2 3 4 5 6 |  6.2
Polearms       | 1 2 3 4 5 6 |  6.2
Staves         | 1 2 3 4 5 6 |  6.2
Slings         | 1 2 3 4 5 6 |  6.2
Bows           | 1 2 3 4 5 6 |  6.2
Crossbows      | 1 2 3 4 5 6 |  6.2
Throwing       | 1 2 3 4 5 6 |  6.2
Armour         | 1 2 3 4 5 6 |  6.2
Shields        | 1 2 3 4 5 6 |  6.2
Unarmed Combat | 1 2 3 4 5 6 |  6.2
Evocations     | 1 2 3 4 5 6 |  6.2
Hexes          | 1 2 3 4 5 |  5.1
Charms         | 1 2 3 4 5 |  5.1
Necromancy     | 1 2 3 4 5 |  5.1
Transmutations | 1 2 3 4 5 |  5.1
Fire Magic     | 1 2 3 4 5 |  5.1
Ice Magic      | 1 2 3 4 5 |  5.1
Air Magic      | 1 2 3 4 5 |  5.1
Earth Magic    | 1 2 3 4 5 |  5.1
Poison Magic   | 1 2 3 4 5 |  5.1
Dodging        | 5 6 7 |  7.8
Stealth        | 5 6 7 |  7.6
Spellcasting   | 8 9 |  9.5

Action                   |  1- 3 |  4- 6 |  7- 9 | 10-12 || total
-------------------------+-------+-------+-------+-------++-------
Melee: Unarmed           |     6 |       |       |       ||     6
       Dagger            |    12 |    50 |   335 |   272 ||   669
       Bite              |     1 |     6 |    46 |    35 ||    88
       Punch             |       |     1 |     6 |     9 ||    16
 Fire: Blowgun           |       |       |       |    28 ||    28
 Cast: Magic Dart        |    50 |   167 |   153 |   114 ||   484
       Mephitic Cloud    |       |     5 |    13 |     4 ||    22
       Dazzling Spray    |       |       |    39 |   130 ||   169
       Conjure Flame     |       |       |     3 |     4 ||     7
       Blink             |       |       |     2 |       ||     2
       Ozocubu's Armour  |       |       |       |     8 ||     8
Invok: Divine Energy     |       |       |       |     1 ||     1
  Use: Scroll            |     2 |     4 |     6 |     4 ||    16
       Potion            |       |       |     1 |     2 ||     3
 Stab: Confused          |       |     1 |     5 |     3 ||     9
       Sleeping          |       |     3 |     5 |     3 ||    11
       Invisible         |       |       |    10 |    17 ||    27
  Eat: Chunk             |     1 |     7 |    12 |    12 ||    32
       Ration            |       |       |     1 |       ||     1
Armor: Robe              |     1 |     8 |    70 |    49 ||   128
Dodge: Dodged            |     9 |    33 |   292 |   236 ||   570
